 Dungeon Crawl Stone Soup version 0.21.1-1-g345015f (webtiles) character file.

267707 xccam the Severer (level 19, -5/146 HPs)
             Began as a Demonspawn Abyssal Knight on Feb 11, 2018.
             Was the Champion of Lugonu.
             Killed from afar by a Hell Sentinel (35 damage)
             ... with damnation
             ... summoned by a deep elf demonologist
             ... on level 3 of the Elven Halls on Feb 12, 2018.
             The game lasted 02:25:32 (37777 turns).

xccam the Severer (Demonspawn Abyssal Knight)      Turns: 37777, Time: 02:25:32

Health: -5/146     AC: 48    Str: 26      XL:     19   Next: 36%
Magic:  26/26      EV: 19    Int: 11 (14) God:    Lugonu [******]
Gold:   3294       SH:  4    Dex: 21      Spells: 18/18 levels left

rFire    + + +     SeeInvis +   E - +8 battleaxe (distort)
rCold    + + .     Gourm    .   (shield currently unavailable)
rNeg     . . .     Faith    .   t - +9 scales of the Dragon King {rPois rF+ rC+ MR+}
rPois    +         Spirit   .   o - +2 helmet
rElec    .         Reflect  +   Q - +0 cloak
rCorr    .         Harm     .   L - +3 pair of gloves "Iwko" {rF+ rC+ Dex+3 Stlth-}
MR       +++..                  (boots unavailable)
Stlth    ..........             x - +4 amulet of reflection
HPRegen  0.34/turn              X - +5 ring of evasion
MPRegen  0.20/turn              B - ring of Liberalism {Str+7 Dex+2 SInv}

@: sanguine armour
A: hooves 3, fire resistance 1, ignite blood, magic resistance 1, spiny 2,
strong 1, flame cloud immunity, sanguine armour 2
}: 2/15 runes: decaying, serpentine
a: Depart the Abyss, Bend Space, Banish, Corrupt, Enter the Abyss, Renounce
Religion


You were on level 3 of the Elven Halls.
You worshipped Lugonu.
Lugonu was exalted by your worship.
You were not hungry.

You visited 6 branches of the dungeon, and saw 34 of its levels.
You visited the Abyss 3 times.
You also visited: Sewer, Ice Cave and Volcano.

You collected 4101 gold pieces.
You spent 807 gold pieces at shops.

Inventory:

Hand Weapons
 a - a +0 antimagic executioner's axe
 C - the +8 Wrath of Trog {antimagic, *Rage}
   (You acquired it on level 3 of the Snake Pit)

   It reduces the magical energy of the wielder, and disrupts the spells and
   magical abilities of those hit.
   Natural abilities and divine invocations are not affected.
   It may make you go berserk in combat.
 E - a +8 battleaxe of distortion (weapon)
Armour
 o - a +2 helmet (worn)
 t - the +9 scales of the Dragon King (worn) {rPois rF+ rC+ MR+}
   (You took it off an orc on level 5 of the Dungeon)

   It protects you from fire.
   It protects you from cold.
   It protects you from poison.
   It affects your resistance to hostile enchantments.
 L - the +3 pair of gloves "Iwko" (worn) {rF+ rC+ Dex+3 Stlth-}
   (You found it on level 6 of the Lair of Beasts)

   It affects your dexterity (+3).
   It protects you from fire.
   It protects you from cold.
   It makes you less stealthy.
 Q - a +0 cloak (worn)
 S - a +0 crystal plate armour
Jewellery
 f - a +2 amulet of reflection
 m - an uncursed ring of protection from fire
 p - a +3 ring of slaying
 q - an uncursed ring of resist corrosion
 x - a +4 amulet of reflection (around neck)
 B - the ring of Liberalism (right hand) {Str+7 Dex+2 SInv}
   (You found it on level 7 of the Dungeon)

   [ring of dexterity]

   It affects your strength (+7).
   It affects your dexterity (+2).
   It lets you see invisible.
 F - an uncursed amulet of regeneration
 G - an uncursed ring of positive energy
 I - the necklace of Bloodlust {*Rage +Rage MR++ Int-3 Slay+6 *Curse}
   (You found it on level 6 of the Lair of Beasts)

   [amulet of rage]

   It affects your intelligence (-3).
   It affects your accuracy and damage with ranged weapons and melee attacks
   (+6).
   It affects your resistance to hostile enchantments.
   It lets you go berserk.
   It may make you go berserk in combat.
   It curses itself when equipped.
 U - the ring "Hoxadi" {rPois rF+ rC- Str+4 Dex+3}
   (You found it on level 15 of the Dungeon)

   [ring of poison resistance]

   It affects your strength (+4).
   It affects your dexterity (+3).
   It protects you from fire.
   It makes you vulnerable to cold.
   It protects you from poison.
 V - the ring of Beogh's Approval {*Contam *Slow +Blink rPois Stlth+}
   (You found it on level 15 of the Dungeon)

   [ring of poison resistance]

   It protects you from poison.
   It lets you blink.
   It causes magical contamination when unequipped.
   It may slow you when you take damage.
   It makes you more stealthy.
 W - the ring of Eternal Night {Wiz +Fly rF+ Stlth+}
   (You found it on level 15 of the Dungeon)

   [ring of wizardry]

   It improves your spell success rate.
   It protects you from fire.
   It lets you fly.
   It makes you more stealthy.
 X - a +5 ring of evasion (left hand)
 Y - an uncursed ring of protection from cold
Wands
 d - a wand of random effects (40)
 k - a wand of acid (9)
 u - a wand of flame (70)
 O - a wand of iceblast (20)
 P - a wand of disintegration (21)
 T - a wand of digging (16)
Scrolls
 e - 15 scrolls of teleportation
 h - 20 scrolls of remove curse
 i - 20 scrolls of identify
 s - 5 scrolls of magic mapping
 A - 4 scrolls of fog
 D - 2 scrolls of fear
 H - a scroll of summoning
 K - a scroll of enchant armour
 M - 4 scrolls of blinking
Potions
 b - 5 potions of heal wounds
 g - 3 potions of brilliance
 j - 16 potions of curing
 l - 8 potions of flight
 n - 4 potions of might
 r - 7 potions of resistance
 v - 4 potions of cancellation
 w - a potion of haste
 z - a potion of invisibility
 J - 2 potions of agility
 Z - 2 potions of berserk rage
Books
 y - a book of Changes

   Spells                             Type                      Level
   a - Beastly Appendage              Transmutation                1
   b - Sticks to Snakes               Transmutation                2
   c - Spider Form                    Transmutation/Poison         3
   d - Ice Form                       Ice/Transmutation            4
   e - Blade Hands                    Transmutation                5
Comestibles
 c - 59 rations
 N - a chunk of flesh


   Skills:
 * Level 12.2 Fighting
 + Level 20.6 Axes
 + Level 15.9 Armour
 + Level 13.5 Dodging
 - Level 10.0 Invocations


You had 18 spell levels left.
You didn't know any spells.

Dungeon Overview and Level Annotations

Branches:
Dungeon (15/15)            Temple (0/1) D:7            Lair (6/6) D:10
  Swamp (4/4) Lair:2        Snake (4/4) Lair:2        Slime (0/5) Lair:5
    Orc (2/2) D:9             Elf (3/3) Orc:2        Vaults (0/5) D:14
 Depths (0/5) D:15

Altars:
Fedhas
Gozag
Hepliaklqana
Kikubaaqudgha
Makhleb
Nemelex Xobeh
Qazlal
Sif Muna
Trog
Vehumet
Xom
Yredelemnul
Zin
Beogh
Jiyva

Shops:
D:6 :   D:7 *   D:8 =   D:11 =   D:14 !}   D:15 %=[   Orc:2 }??[   Elf:3 *[!

Annotations:
D:11 exclusion: oklob plant
Orc:1 Harold
Abyss:1 Frances, Nergalle


Innate Abilities, Weirdness & Mutations

You have hooves in place of feet.
Your flesh is heat resistant. (rF+)
Your demonic aura causes spilled blood to erupt in flames.
You are mostly covered in sharp spines.
You are immune to clouds of flame.
When seriously injured, your bleeding wounds create thick armour. (AC +9)
You are resistant to hostile enchantments. (MR+)
Your muscles are strong. (Str +2)


Message History

You feel dopey. Something feeds on your intellect!
You closely miss the neqoxec. You kick the neqoxec!
The neqoxec is moderately wounded.
Your scales of the Dragon King prevents you from hitting the neqoxec.
Your kick misses the neqoxec.
The neqoxec is moderately wounded.
The neqoxec misses you.
You chop the neqoxec into pieces!!!
You kill the neqoxec!
The Ice Fiend gestures at you. The bolt of cold hits you! You resist.
The deep elf demonologist casts a spell. x2
The deep elf sorcerer is no longer moving quickly.
The Hell Sentinel gestures at you.
The sphere of damnation explodes!
The damnation engulfs you!
* * * LOW HITPOINT WARNING * * *
The Hell Sentinel gestures at you.
The sphere of damnation explodes!
The damnation engulfs you!
You die...

#..# #...#####.## #.e# #....##
##.## #.e# #...#.## ##.## #≈≈#
####.#.## ##.## #ee# ##.#.##
##.## #≈≈# ##.#.## ##.# ###e2###
### #### ##.#.## ##.
..#44#.###.#####..#######.#.###.#
..4ee)3..e1.....@.....(........##
...###1#3#2#####.###..##..<.)....
..## #.##..# ##...###...####.####
.## #e###.###...).###.## ##)##.
## #1# ####...)...#### ##..# #
#4# ##....∩(..(## ##..#
#.####.....=.....#######.##.
#...#..!..(.......#....(.... #
#.#........#........##.#####


You could see a Hell Sentinel, a hell beast and a deep elf sorcerer.

Vanquished Creatures
  6 nagarajas
  A thorn hunter (Swamp:3)
  A frost giant (D:15)
  An orc warlord (Orc:2)
  A deep elf sorcerer (Elf:2)
  2 very ugly things
  A stone giant (Orc:2)
  2 deep elf demonologists
  Azrael (D:15)
  2 deep elf annihilators
  Nessos (Lair:4)
  The ghost of Quirk the Blocker, a journeyman GnFi of Ashenzari (D:13)
  2 ettins (D:15)
  4 deep elf death magi
  A crystal guardian (D:15)
  A fire dragon (Lair:6)
  Erolcha (Orc:2)
  11 naga warriors
  9 hydras
  4 vault guards (D:15)
  4 centaur warriors
  7 anacondas
  A ghost crab (Swamp:2)
  2 death knights
  An ogre mage (D:15)
  37 dancing weapons
  3 alligators
  2 deep troll shamans (D:15)
  10 two-headed ogres
  12 naga sharpshooters
  Urug (Lair:4)
  3 shock serpents
  2 spriggans
  A small abomination (Elf:2)
  18 deep elf knights
  A salamander mystic (Snake:3)
  2 skeletal warriors
  2 spriggan druids (Swamp:4)
  4 wizards
  4 naga ritualists
  An unseen horror (D:11)
  A sea snake (Snake:4)
  2 lindwurms (Lair:6)
  A shambling mangrove (Swamp:3)
  2 swamp dragons
  16 deep elf archers
  2 spectral hydras (Swamp:4)
  A harpy (D:15)
  A wolf spider zombie (D:15)
  2 orc knights
  9 mana vipers
  4 phantasmal warriors
  67 deep elf magi
  14 ugly things
  10 orc sorcerers
  2 cyclopes (D:15)
  3 manticores
  8 salamanders
  5 toenail golems (Volcano)
  11 naga magi
  A centaur zombie (D:15)
  3 guardian serpents
  4 ice statues (IceCv)
  A black mamba (shapeshifter) (D:13)
  35 black mambas
  Maurice (D:8)
  3 gargoyles
  15 elephants (Lair:5)
  6 torpor snails (Lair:6)
  5 yaktaurs (D:15)
  4 rime drakes
  2 komodo dragons
  19 spiny frogs
  A swamp worm zombie (Swamp:4)
  An efreet (D:15)
  2 anaconda simulacra (IceCv)
  2 freezing wraiths (D:11)
  A queen bee (D:9)
  A queen bee (shapeshifter) (D:15)
  3 hydra zombies (Swamp:4)
  A meliai (D:15)
  7 tyrant leeches
  9 polar bears (Lair:6)
  A jumping spider (shapeshifter) (Elf:2)
  12 hornets
  4 trolls
  27 blink frogs
  6 bog bodies
  A harpy skeleton (D:15)
  Grinder (D:3)
  10 hippogriffs
  2 spectral swamp dragons (Swamp:4)
  4 dream sheep (Lair:4)
  3 alligator zombies (Swamp:4)
  6 slime creatures
  A raiju (Lair:6)
  3 air elementals
  A dire elephant simulacrum (IceCv)
  2 redbacks (D:15)
  2 shadows
  A water elemental (Elf:2)
  5 wyverns
  A wraith (D:15)
  5 basilisks
  Grum (D:8)
  39 yaks
  A basilisk (shapeshifter) (Elf:3)
  4 hungry ghosts
  3 steam dragons
  7 fire elementals
  30 vampire mosquitoes
  8 swamp worms
  Edmund (D:5)
  An iron troll simulacrum (IceCv)
  2 harpy simulacra (IceCv)
  56 nagas
  7 wargs
  A soldier ant (D:10)
  6 insubstantial wisps (Swamp:4)
  A soldier ant (shapeshifter) (D:15)
  An acid dragon (D:11)
  20 hell hounds
  14 water moccasins
  2 hydra simulacra (IceCv)
  2 floating eyes (D:15)
  4 swamp drakes
  3 porcupines
  12 ice beasts
  4 swamp dragon zombies (Swamp:4)
  3 sky beasts
  19 orc warriors
  8 phantoms
  12 black bears
  9 boggarts
  A necrophage (D:6)
  16 ogres
  12 centaurs
  17 wolves
  7 crocodiles
  5 big kobolds
  A gnoll sergeant (D:11)
  14 bullfrogs
  An earth elemental (Elf:3)
  2 wyvern zombies
  A wyvern skeleton (D:11)
  3 scorpions
  15 killer bees (D:9)
  8 electric eels
  4 crimson imps
  2 howler monkeys (D:10)
  2 jellies
  2 quasits
  18 orc priests
  8 centaur skeletons
  8 hounds
  34 orc wizards
  2 bullfrog skeletons
  Jessica (D:3)
  3 iguanas
  Natasha (thrice) (D:2)
  2 spectral swamp drakes (Swamp:4)
  13 worker ants
  A killer bee zombie (D:8)
  A hound zombie (D:11)
  2 worker ant zombies
  19 gnolls
  11 adders
  A howler monkey skeleton (D:6)
  5 river rats (Sewer)
  2 swamp drake zombies (Swamp:4)
  2 shadow imps
  An adder zombie (D:7)
  An adder skeleton (D:8)
  A worm (D:3)
  2 dart slugs (D:1)
  8 leopard geckos
  85 orcs
  4 giant cockroaches
  3 goblins
  8 hobgoblins
  13 jackals
  10 quokkas
  6 ball pythons
  9 bats
  4 frilled lizards
  49 kobolds
  A quokka skeleton (D:5)
  24 rats
  15 briar patches
  5 bushes (D:14)
  2 butterflies (Lair:5)
  3 fungi
  27 plants
1368 creatures vanquished.

Vanquished Creatures (others)
  2 thorn hunters
  A very ugly thing (IceCv)
  A naga warrior (Snake:4)
  A hydra (Swamp:1)
  2 dancing weapons (Elf:2)
  2 wizards (Volcano)
  A swamp dragon (Swamp:2)
  2 deep elf archers
  2 deep elf magi
  An orc sorcerer (Orc:2)
  An ice statue (IceCv)
  A naga mage (Snake:4)
  A swamp worm zombie (Swamp:4)
  2 hornets (Swamp:3)
  A blink frog (Swamp:4)
  A tyrant leech (Swamp:4)
  2 alligator zombies (Swamp:4)
  A water elemental (Elf:1)
  A spriggan (Swamp:2)
  2 vampire mosquitoes (Swamp:4)
  2 swamp worms (Swamp:2)
  3 nagas
  A hydra simulacrum (IceCv)
  An orc warrior (Orc:1)
  A wolf (D:8)
  An ogre (Orc:2)
  An earth elemental (Elf:2)
  2 orc wizards (Orc:2)
  8 briar patches (Swamp:4)
  3 bushes
  17 fungi (Lair:6)
  21 plants
89 creatures vanquished.

Grand Total: 1457 creatures vanquished

Notes
Turn   | Place    | Note
-------+----------+-------------------------------------------
     0 | Abyss:1  | xccam the Demonspawn Abyssal Knight began the quest for the Orb.
     0 | Abyss:1  | Reached XP level 1. HP: 18/18 MP: 2/2
    76 | Abyss:1  | Noticed a small abomination
    79 | Abyss:1  | Noticed a large abomination
   102 | Abyss:1  | Noticed a starcursed mass
   105 | D:1      | Escaped the Abyss
   268 | D:1      | Reached skill level 2 in Axes
   393 | D:1      | Gained mutation: When seriously injured, your bleeding wounds create armour. (AC +9) [demonic ancestry]
   393 | D:1      | Reached XP level 2. HP: 24/24 MP: 3/3
   428 | D:1      | Reached * piety under Lugonu
   547 | D:1      | Reached skill level 3 in Axes
   757 | D:2      | Noticed Natasha
   766 | D:2      | Killed Natasha
   766 | D:2      | Reached XP level 3. HP: 6/29 MP: 4/4
   844 | D:2      | Noticed Natasha
   853 | D:2      | Killed Natasha
   853 | D:2      | Reached skill level 4 in Axes
   853 | D:2      | Reached XP level 4. HP: 28/35 MP: 5/5
   996 | D:2      | Noticed Natasha
  1008 | D:2      | HP: 1/35 [Natasha/magic dart (8)]
  1010 | D:2      | Killed Natasha
  1174 | D:2      | Reached ** piety under Lugonu
  1860 | D:3      | Found a glowing drain.
  1888 | Sewer    | Entered a sewer
  1915 | Sewer    | Gained mutation: You have large cloven feet. [demonic ancestry]
  1915 | Sewer    | Reached XP level 5. HP: 10/41 MP: 6/6
  2178 | Sewer    | Gained mutation: Your flesh is heat resistant. (rF+) [potion of mutation]
  2178 | Sewer    | Gained mutation: You are resistant to hostile enchantments. (MR+) [potion of mutation]
  2178 | Sewer    | Gained mutation: You have hoof-like feet. [potion of mutation]
  2178 | Sewer    | Gained mutation: Your muscles are strong. (Str +2) [potion of mutation]
  2272 | Sewer    | Reached *** piety under Lugonu
  2272 | Sewer    | Reached skill level 5 in Axes
  2304 | Sewer    | Mutation became permanent: Your flesh is heat resistant. (rF+) [demonic ancestry]
  2304 | Sewer    | Gained mutation: Your flesh is heat resistant. (rF+) [demonic ancestry]
  2304 | Sewer    | Reached XP level 6. HP: 33/47 MP: 7/7
  2590 | D:3      | Noticed Grinder
  2611 | D:3      | Paralysed by Grinder for 3 turns
  2615 | D:3      | Killed Grinder
  2615 | D:3      | Gained mutation: You are partially covered in sharp spines. [demonic ancestry]
  2615 | D:3      | Reached XP level 7. HP: 44/52 MP: 8/8
  2637 | D:3      | Reached skill level 6 in Axes
  2672 | D:3      | Noticed Jessica
  2673 | D:3      | Killed Jessica
  3399 | D:4      | Reached skill level 5 in Armour
  3528 | D:5      | Entered Level 5 of the Dungeon
  3542 | D:5      | Noticed Edmund
  3555 | D:5      | Killed Edmund
  3555 | D:5      | Reached skill level 7 in Axes
  3555 | D:5      | Gained mutation: You are immune to clouds of flame. [demonic ancestry]
  3555 | D:5      | Reached XP level 8. HP: 52/58 MP: 9/9
  3561 | D:5      | Reached **** piety under Lugonu
  4186 | D:6      | Found Vusteg's Book Shop.
  4227 | D:6      | Reached skill level 8 in Axes
  4258 | D:6      | Mutation became permanent: You have large cloven feet. [demonic ancestry]
  4258 | D:6      | Gained mutation: You have hoof-like feet. [demonic ancestry]
  4258 | D:6      | Reached XP level 9. HP: 42/63 MP: 10/10
  5057 | D:7      | Got a scintillating amber ring
  5058 | D:7      | Identified the ring of Liberalism {Str+7 Dex+2 SInv} (You found it on level 7 of the Dungeon)
  5083 | D:7      | Found a staircase to the Ecumenical Temple.
  5102 | D:7      | Found Kiaddeig's General Store.
  5598 | D:8      | Noticed Maurice
  5612 | D:8      | Killed Maurice
  5643 | D:8      | Reached skill level 9 in Axes
  5668 | D:8      | Reached ***** piety under Lugonu
  5689 | D:8      | Identified a scroll of acquirement
  5695 | D:8      | Found Uturatak's Jewellery Boutique.
  5746 | D:8      | Noticed Grum
  5758 | D:8      | Killed Grum
  5758 | D:8      | Reached XP level 10. HP: 70/70 MP: 11/11
  6214 | D:8      | Found an opulent altar of Gozag.
  6467 | D:9      | Found a snail-covered altar of Cheibriados.
  6469 | D:9      | Found a shimmering altar of Xom.
  6469 | D:9      | Found a glowing silver altar of Zin.
  6471 | D:9      | Found a deep blue altar of Sif Muna.
  6471 | D:9      | Found a bloodstained altar of Trog.
  6471 | D:9      | Found a blossoming altar of Fedhas.
  6481 | D:9      | Reached skill level 10 in Axes
  6684 | D:9      | Found a staircase to the Orcish Mines.
  7034 | D:9      | Found an ancient bone altar of Kikubaaqudgha.
  7034 | D:9      | Found a hazy altar of Hepliaklqana.
  7039 | D:9      | Found a burning altar of Makhleb.
  7041 | D:9      | Found a sparkling altar of Nemelex Xobeh.
  7043 | D:9      | Found a stormy altar of Qazlal.
  7086 | D:10     | Entered Level 10 of the Dungeon
  7087 | D:10     | Reached skill level 11 in Axes
  7088 | D:10     | Found a staircase to the Lair.
  7405 | D:10     | Reached skill level 12 in Axes
  7719 | D:10     | Noticed a gargoyle
  7722 | D:10     | Reached XP level 11. HP: 68/75 MP: 4/12
  8266 | D:11     | Reached skill level 13 in Axes
  8275 | D:11     | Found Ubyelul's Jewellery Shoppe.
  8378 | D:11     | Noticed a skeletal warrior
  8379 | D:11     | Noticed a phantasmal warrior
  8385 | D:11     | Noticed a death knight
  8407 | D:11     | Killed a phantasmal warrior
  8410 | D:11     | Reached ****** piety under Lugonu
  8412 | D:11     | Killed a death knight
  8418 | D:11     | Killed a skeletal warrior
  8595 | D:11     | Noticed an unseen horror
  8601 | D:11     | Killed an unseen horror
  8601 | D:11     | Reached skill level 14 in Axes
  8608 | D:11     | Found a basalt altar of Yredelemnul.
  8618 | D:11     | Noticed an oklob plant
  8718 | D:11     | Noticed a two-headed ogre
  9470 | D:11     | Killed a two-headed ogre
  9673 | D:11     | Noticed a two-headed ogre
  9673 | D:11     | Noticed a purple ugly thing
  9687 | D:11     | Killed a purple ugly thing
  9687 | D:11     | Reached XP level 12. HP: 71/81 MP: 4/13
  9697 | D:11     | Killed a two-headed ogre
  9999 | Lair:1   | Entered Level 1 of the Lair of Beasts
 10021 | Lair:1   | Reached skill level 15 in Axes
 11263 | Lair:2   | Found a staircase to the Swamp.
 11362 | Lair:2   | Found a staircase to the Snake Pit.
 12361 | Lair:3   | Reached skill level 16 in Axes
 13271 | Lair:4   | Reached skill level 5 in Fighting
 13394 | Lair:4   | Noticed Urug
 13400 | Lair:4   | Killed Urug
 13426 | Lair:4   | Noticed Nessos
 13444 | Lair:4   | Killed Nessos
 13444 | Lair:4   | Gained mutation: When seriously injured, your bleeding wounds create thick armour. (AC +9) [demonic ancestry]
 13444 | Lair:4   | Reached XP level 13. HP: 20/92 MP: 14/14
 14172 | Lair:5   | Reached skill level 1 in Dodging
 14352 | Lair:5   | Reached skill level 10 in Armour
 14691 | Lair:5   | Got a pair of ancient boots
 14692 | Lair:5   | Identified the +2 pair of boots "Teruisu" {rPois MR+ Regen+ Stlth+} (You found it on level 5 of the Lair of Beasts)
 14715 | Lair:5   | Found a viscous altar of Jiyva.
 14715 | Lair:5   | Found a staircase to the Slime Pits.
 15216 | Lair:6   | Entered Level 6 of the Lair of Beasts
 15315 | Lair:6   | Reached skill level 5 in Dodging
 15322 | Lair:6   | Reached skill level 17 in Axes
 15441 | Lair:6   | Found the necklace of Bloodlust {*Rage +Rage MR++ Int-3 Slay+6 *Curse}
 15466 | Lair:6   | Got a pair of scorched gloves
 15467 | Lair:6   | Identified the +3 pair of gloves "Iwko" {rF+ rC+ Dex+3 Stlth-} (You found it on level 6 of the Lair of Beasts)
 15588 | Lair:6   | Reached XP level 14. HP: 86/99 MP: 15/15
 16492 | Lair:6   | Found a runed door.
 17651 | D:13     | Noticed Quirk's ghost (journeyman GnFi)
 17683 | D:13     | Killed Quirk's ghost
 18247 | D:14     | Found a gate to the Vaults.
 18274 | D:14     | Found Ittalicw's Distillery.
 18948 | D:14     | Found Fuefet's Gadget Boutique.
 19229 | D:15     | Entered Level 15 of the Dungeon
 19251 | D:15     | Gained mutation: You have hooves in place of feet. [demonic ancestry]
 19251 | D:15     | Reached XP level 15. HP: 105/105 MP: 16/16
 19314 | D:15     | Got a bound copper ring
 19317 | D:15     | Identified the ring of Beogh's Approval {*Contam *Slow +Blink rPois Stlth+} (You found it on level 15 of the Dungeon)
 19358 | D:15     | Paralysed by a floating eye for 4 turns
 19403 | D:15     | Found a staircase to the Depths.
 19434 | D:15     | Reached skill level 18 in Axes
 19457 | D:15     | Got a transparent golden ring
 19458 | D:15     | Identified the ring of Eternal Night {Wiz +Fly rF+ Stlth+} (You found it on level 15 of the Dungeon)
 19679 | D:15     | Noticed a frost giant
 19686 | D:15     | Killed a frost giant
 19953 | D:15     | Got a smoking jade ring
 19954 | D:15     | Identified the ring "Hoxadi" {rPois rF+ rC- Str+4 Dex+3} (You found it on level 15 of the Dungeon)
 20027 | D:15     | Found Nilonas's Antique Armour Boutique.
 20088 | D:15     | Noticed Azrael
 20125 | D:15     | Killed Azrael
 20125 | D:15     | Reached skill level 10 in Dodging
 20466 | D:15     | Found Eveo's Jewellery Shoppe.
 20672 | D:15     | Found Ecsaweuz's Food Shop.
 20971 | Snake:1  | Entered Level 1 of the Snake Pit
 21485 | Snake:1  | Gained mutation: Your demonic aura causes spilled blood to erupt in flames. [demonic ancestry]
 21485 | Snake:1  | Reached XP level 16. HP: 110/111 MP: 17/17
 22301 | Snake:2  | Reached skill level 19 in Axes
 22514 | Snake:2  | Reached skill level 5 in Invocations
 23606 | Snake:3  | Found the +8 Wrath of Trog {antimagic, *Rage}
 24189 | Snake:4  | Entered Level 4 of the Snake Pit
 24917 | Snake:4  | Cast into level 1 of the Abyss (naga)
 24919 | Snake:4  | Escaped the Abyss
 24920 | Snake:4  | HP: 5/111 [naga/trident of distortion (15)]
 25238 | Snake:4  | Reached XP level 17. HP: 91/116 MP: 24/24
 25393 | Snake:4  | Identified a +4 battleaxe of distortion (a +2 battleaxe of flaming corrupted by Lugonu)
 25393 | Snake:4  | Received a gift from Lugonu
 25524 | Snake:4  | Reached skill level 10 in Invocations
 26093 | Snake:4  | Got a serpentine rune of Zot
 26304 | Swamp:1  | Entered Level 1 of the Swamp
 27926 | Swamp:3  | Reached skill level 20 in Axes
 28515 | Swamp:4  | Entered Level 4 of the Swamp
 28555 | Swamp:4  | Found a frozen archway.
 28564 | IceCv    | Entered an ice cave
 30762 | Swamp:4  | Noticed a bone dragon
 31071 | Swamp:4  | Got a decaying rune of Zot
 31248 | Orc:1    | Entered Level 1 of the Orcish Mines
 31248 | Orc:1    | Found a burning altar of Makhleb.
 31333 | Orc:1    | Found a dark tunnel.
 31337 | Orc:1    | You fall through a shaft!
 31337 | Orc:2    | Entered Level 2 of the Orcish Mines
 31397 | Orc:2    | Found a staircase to the Elven Halls.
 31494 | Orc:2    | Reached skill level 15 in Armour
 31600 | Volcano  | Entered a volcano
 32139 | Orc:2    | Reached XP level 18. HP: 130/130 MP: 25/25
 32275 | Orc:1    | Noticed Harold
 33125 | Orc:2    | Found Wigus's Antique Armour Shop.
 33235 | Orc:2    | Found Jaron's Gadget Boutique.
 33255 | Orc:2    | Found an ancient bone altar of Kikubaaqudgha.
 33256 | Orc:2    | Noticed Nergalle
 33259 | Orc:2    | Found Erobuohu's Magic Scroll Boutique.
 33261 | Orc:2    | Banished Nergalle
 33273 | Orc:2    | Noticed Erolcha
 33278 | Orc:2    | Killed Erolcha
 33280 | Orc:2    | Found a radiant altar of Vehumet.
 33316 | Orc:2    | Found a roughly hewn altar of Beogh.
 33338 | Orc:2    | Found Elen's Magic Scroll Shop.
 33347 | Orc:2    | Bought 3 scrolls of enchant weapon for 315 gold pieces
 33426 | Elf:1    | Entered Level 1 of the Elven Halls
 33971 | Elf:1    | Noticed Frances
 33974 | Elf:1    | Banished Frances
 34921 | Elf:2    | Reached skill level 10 in Fighting
 35017 | Elf:2    | Found a runed gate.
 35017 | Elf:2    | Found a runed gate.
 35017 | Elf:2    | Found a runed gate.
 35362 | Elf:2    | Cast into level 3 of the Abyss (battleaxe of distortion)
 35464 | Abyss:3  | Noticed a lich
 35464 | Elf:2    | Escaped the Abyss
 36469 | Elf:2    | Gained mutation: You are mostly covered in sharp spines. [demonic ancestry]
 36469 | Elf:2    | Reached XP level 19. HP: 116/144 MP: 26/26
 37062 | Elf:3    | Entered Level 3 of the Elven Halls
 37088 | Elf:3    | Found Hazaunad's Distillery.
 37097 | Elf:3    | Bought a potion of curing for 33 gold pieces
 37097 | Elf:3    | Bought a potion of curing for 33 gold pieces
 37097 | Elf:3    | Bought a potion of curing for 33 gold pieces
 37097 | Elf:3    | Bought a potion of curing for 33 gold pieces
 37283 | Elf:3    | Found Fucsoat's Antique Armour Emporium.
 37296 | Elf:3    | Found Cyqotiomn's General Store.
 37458 | Elf:3    | Bought a cloak for 135 gold pieces
 37463 | Elf:3    | Bought a runed helmet for 225 gold pieces
 37777 | Elf:3    | Killed from afar by a Hell Sentinel

Skill      XL: |  1  2  3  4  5  6  7  8  9 10 11 12 13 14 15 16 17 18 19 |
---------------+----------------------------------------------------------+-----
Axes           | 2 3 4 5 7 8 9 12 14 16 17 18 19 20 | 20.6
Armour         | 2 3 4 5 7 9 11 12 13 14 15 | 15.9
Fighting       | 5 8 11 12 | 12.2
Dodging        | 6 9 10 11 12 13 | 13.5
Invocations    | 9 10 | 10.0

Action                   |  1- 3 |  4- 6 |  7- 9 | 10-12 | 13-15 | 16-18 | 19-21 || total
-------------------------+-------+-------+-------+-------+-------+-------+-------++-------
Melee: Hand axe          |    58 |   199 |   254 |       |       |       |       ||   511
       Kick              |       |    20 |     8 |       |   147 |   558 |    47 ||   780
       War axe           |       |       |    33 |   466 |       |       |       ||   499
       Battleaxe         |       |       |    16 |   182 |  1050 |  1197 |   131 ||  2576
Invok: Depart the Abyss  |     1 |       |       |       |       |     2 |       ||     3
       Banish            |       |       |       |       |       |     1 |       ||     1
       Brand Weapon With |       |       |       |       |       |     1 |       ||     1
Evoke: Wand              |       |       |       |    14 |     1 |    33 |    22 ||    70
  Use: Scroll            |     5 |       |     9 |    11 |    17 |    12 |     1 ||    55
       Potion            |     1 |     9 |     4 |     9 |     1 |     7 |     1 ||    32
 Stab: Invisible         |       |       |     3 |       |       |       |       ||     3
       Distracted        |       |       |       |       |     1 |     2 |     1 ||     4
  Eat: Chunk             |       |     1 |    11 |    12 |    23 |    14 |     1 ||    62
       Ration            |       |     1 |       |     5 |     2 |    10 |     1 ||    19
Armor: Leather armour    |    37 |    14 |       |       |       |       |       ||    51
       Chain mail        |       |   109 |    40 |       |       |       |       ||   149
       Gold dragon scale |       |       |   154 |   484 |   725 |   613 |    66 ||  2042
Dodge: Dodged            |    52 |    79 |    63 |   140 |   385 |   654 |    69 ||  1442
Block: Other             |       |       |    13 |    95 |   163 |   154 |    12 ||   437
       Reflection        |       |       |     1 |     3 |    11 |    12 |       ||    27
